 Dungeon Crawl Stone Soup version 0.24.0-13-gcf9b319 (webtiles) character file.

Game seed: 12445734765845151346, levelgen mode: deterministic

135 Fang the Skirmisher (level 5, 0/49 HPs)
             Began as a Gargoyle Berserker on Nov 26, 2019.
             Was a Believer of Trog.
             Killed from afar by an orc wizard (1 damage)
             ... with a puff of frost
             ... on level 3 of the Dungeon on Dec 2, 2019.
             The game lasted 00:04:34 (1945 turns).

Fang the Skirmisher (Gargoyle Berserker)            Turns: 1945, Time: 00:04:34

Health: 0/49       AC:  6    Str: 27    XL:     5   Next: 18%
Magic:  5/5        EV: 12    Int:  7    God:    Trog [**....]
Gold:   124        SH:  0    Dex:  9    Spells: 4/4 levels left

rFire    . . .     SeeInvis +   a - +0 hand axe
rCold    . . .     Gourm    .   (no shield)
rNeg     + . .     Faith    .   b - +0 animal skin
rPois    ∞         Spirit   .   (no helmet)
rElec    +         Reflect  .   (no cloak)
rCorr    .         Harm     .   (no gloves)
MR       .....                  (no boots)
Stlth    ..........             (no amulet)
HPRegen  0.16/turn              (no ring)
MPRegen  0.09/turn              j - ring of see invisible

@: berserking, very quick
A: negative energy resistance 1, electricity resistance, unbreathing,
petrification resistance, rot immunity, AC +4
a: Berserk, Trog's Hand, Renounce Religion


You were on level 3 of the Dungeon.
You worshipped Trog.
Trog was pleased with you.
You were hungry.

You visited 1 branch of the dungeon, and saw 3 of its levels.

You collected 124 gold pieces.

Inventory:

Hand Weapons
 a - a +0 hand axe (weapon)
Armour
 b - a +0 animal skin (worn)
Jewellery
 j - a ring of see invisible (right hand)
Wands
 n - a wand of digging (4)
Scrolls
 i - a scroll of random uselessness {unknown}
 m - 2 scrolls of remove curse
Potions
 f - a potion of invisibility
 k - 3 potions of curing {unknown}
 l - 2 potions of resistance {unknown}
Comestibles
 c - 5 rations
 d - a chunk of flesh


   Skills:
 + Level 4.2 Fighting
 + Level 3.4 Axes
 + Level 3.3 Armour
 + Level 2.5 Dodging


You had 4 spell levels left.
You didn't know any spells.
Your spell library was empty.

Dungeon Overview and Level Annotations

Branches:
Dungeon (3/15)

Altars:
Okawaru


Innate Abilities, Weirdness & Mutations

You are resistant to torment.
Your stone body is resilient. (AC +4)
You are immune to poison.
You resist negative energy. (rN+)
You are resistant to electric shocks. (rElec)
You can survive without breathing.
You are immune to petrification.
You are immune to rotting.


Message History

You are too injured to fight recklessly!
You are too injured to fight recklessly!
You are too injured to fight recklessly!
You are too injured to fight recklessly!
You are too injured to fight recklessly!
You are too injured to fight recklessly!
You are too injured to fight recklessly!
You are too injured to fight recklessly!
You are too injured to fight recklessly!
A red film seems to cover your vision as you go berserk!
You feel yourself moving faster!
You feel mighty!
You are feeling hungry.
The orc wizard gestures at you while chanting.
The puff of flame hits you!
* * * LOW HITPOINT WARNING * * *
You closely miss the orc wizard.
The orc wizard is moderately wounded.
The orc wizard points at you and mumbles some strange words.
The puff of frost hits you.
You die...

*******,*,,,,,,,********,*****,*
* *,*,#,*#.#..,,,,,*,* *,* *
*,*,#.*#.#.#,,,*,*,* *,* *
*,*,#.##.#.#,*,*,*,* *,* *
*,*.#......#,#.#,*,*****,* **
*,*........#.#.#,*,,,,,,,* ,*
*,**#......#.#.#,********* ,*
*,* #....o)#.#.#,******
,******,* *#....@#.#.#,,,,,,*
,,,,,,,,* #.)...#.#.#*****,*
,,******* ###.#/#.#.# *,* *,*
#.#.#.#.######,* *,*
#,#..<.......#,* *,*
*,#####.####.#,* *,* *,*
#........#,* *,* *,*
#.#......#,* *,* *,*
#.#......#,*


You could see an orc wizard.

Vanquished Creatures
  Crazy Yiuf (D:2)
  4 adders (D:2)
  2 worms (D:2)
  3 dart slugs (D:1)
  2 leopard geckos
  2 orcs (D:3)
  A giant cockroach (D:1)
  9 hobgoblins
  4 jackals (D:1)
  3 bats
  5 frilled lizards (D:1)
  10 goblins
  6 kobolds
  9 rats
61 creatures vanquished.

Notes
Turn   | Place    | Note
-------+----------+-------------------------------------------
     0 | D:1      | Fang the Gargoyle Berserker began the quest for the Orb.
     0 | D:1      | Reached XP level 1. HP: 14/14 MP: 1/1
    55 | D:1      | Reached XP level 2. HP: 11/19 MP: 2/2
   468 | D:1      | Reached ** piety under Trog
   468 | D:1      | Reached XP level 3. HP: 20/23 MP: 3/3
   890 | D:2      | Found an iron altar of Okawaru.
  1173 | D:2      | Reached XP level 4. HP: 29/29 MP: 4/4
  1202 | D:2      | Reached skill level 4 in Fighting
  1667 | D:2      | Found a runed translucent door.
  1668 | D:2      | Noticed Crazy Yiuf
  1736 | D:2      | Killed Crazy Yiuf
  1736 | D:2      | Reached XP level 5. HP: 25/33 MP: 5/5
  1944 | D:3      | HP: 1/49 [orc wizard/puff of flame (9)]
  1945 | D:3      | Killed from afar by an orc wizard

Levels and vault maps discovered:
D:1:      elethiomel_arrival_quiet, layout_rooms
D:2:      layout_rooms, okawaru_ov_weapons_minmay,
          chequers_serial_rivers_micro_d, minmay_close_crescents,
          uniq_crazy_yiuf_cottage
D:3:      layout_basic, first_ration

Skill      XL: |  1  2  3  4 |
---------------+-------------+-----
Dodging        | 2 |  2.5
Axes           | 3 |  3.4
Armour         | 3 |  3.3
Fighting       | 4 |  4.2

Action                   |  1- 3 |  4- 6 || total
-------------------------+-------+-------++-------
Melee: Hand axe          |   144 |    61 ||   205
Invok: Berserk           |     1 |     3 ||     4
  Use: Scroll            |       |     3 ||     3
  Eat: Chunk             |     2 |     5 ||     7
Armor: Animal skin       |    55 |    18 ||    73
Dodge: Dodged            |    93 |    57 ||   150
